 Dungeon Crawl Stone Soup version 0.21.0-25-ge575cb9ce8 (webtiles) character file.

14406 MalkierKing the Cleaver (level 11, -4/100 HPs)
             Began as a Minotaur Fighter on Jan 23, 2018.
             Was a High Priest of Makhleb.
             Slain by a ten-headed hydra (10 damage)
             ... on level 10 of the Dungeon.
             The game lasted 00:41:31 (11134 turns).

MalkierKing the Cleaver (Minotaur Fighter)         Turns: 11134, Time: 00:41:33

Health: -4/100     AC: 11    Str: 25    XL:     11   Next: 88%
Magic:  1/1        EV: 14    Int:  1    God:    Makhleb [*****.]
Gold:   708        SH: 13    Dex: 12    Spells: 10/10 levels left

rFire    + . .     SeeInvis .   E - +5 hand axe of Dissent {chop, rC+ MR+ Int-4}
rCold    + + .     Gourm    .   c - +0 shield
rNeg     . . .     Faith    .   M - +3 ring mail of the Desert {rElec rF+ rC+ MP-9}
rPois    .         Spirit   .   (helmet restricted)
rElec    +         Reflect  .   (no cloak)
rCorr    .         Harm     .   (no gloves)
MR       +....                  j - +0 pair of boots
Stlth    +.........             y - amulet of regeneration
HPRegen  0.66/turn              g - +3 ring of dexterity
MPRegen  0.07/turn              (no ring)

@: no status effects
A: retaliatory headbutt, horns 2
a: Minor Destruction, Lesser Servant of Makhleb, Major Destruction, Greater
Servant of Makhleb, Renounce Religion


You were on level 10 of the Dungeon.
You worshipped Makhleb.
Makhleb was extremely pleased with you.
You were very hungry.

You visited 2 branches of the dungeon, and saw 13 of its levels.
You also visited: Ossuary and Bailey.

You collected 721 gold pieces.
You spent 13 gold pieces at shops.

Inventory:

Hand Weapons
 E - the +5 hand axe of Dissent (weapon) {chop, rC+ MR+ Int-4}
   (You found it on level 8 of the Dungeon)

   It inflicts extra damage upon your enemies.
   It affects your intelligence (-4).
   It protects you from cold.
   It affects your resistance to hostile enchantments.
Missiles
 C - 29 tomahawks of returning (quivered)
Armour
 c - a +0 shield (worn)
 j - a +0 pair of boots (worn)
 r - the +2 leather armour of the Storm King {Regen+}
   (You found it on level 8 of the Dungeon)

   It increases your rate of regeneration.
 K - the +3 hat of Pondering {ponderous, MR+ MP+10 Int+5}
   (You found it in a bailey)

   It affects your intelligence (+5).
   It affects your resistance to hostile enchantments.
   It affects your magic capacity (+10).
 M - the +3 ring mail of the Desert (worn) {rElec rF+ rC+ MP-9}
   (You found it on level 9 of the Dungeon)

   It protects you from fire.
   It protects you from cold.
   It insulates you from electricity.
   It affects your magic capacity (-9).
Jewellery
 g - a +3 ring of dexterity (left hand)
 y - an amulet of regeneration (around neck)
Wands
 a - a wand of paralysis (14)
 p - a wand of iceblast (3)
 s - a wand of acid (16)
 t - a wand of flame (84)
 F - a wand of random effects (47)
Scrolls
 b - a scroll of torment {unknown}
 e - 6 scrolls of teleportation
 i - 3 scrolls of enchant weapon
 l - 3 scrolls of identify
 m - 2 scrolls of amnesia {unknown}
 o - 3 scrolls of fear
 v - 3 scrolls of magic mapping
 x - 2 scrolls of remove curse
 D - a scroll of random uselessness {unknown}
 I - 2 scrolls of blinking {unknown}
 O - 3 scrolls of enchant armour {unknown}
 P - a scroll of immolation {unknown}
 Q - a scroll of vulnerability {unknown}
Potions
 d - a potion of might
 h - 3 potions of berserk rage
 k - a potion of flight {unknown}
 n - 4 potions of heal wounds
 q - a potion of brilliance {unknown}
 u - 2 potions of lignification {unknown}
 w - 4 potions of curing
 z - 2 potions of agility
 A - 3 potions of ambrosia
 B - 2 potions of invisibility
 G - a potion of haste
 R - a potion of resistance {unknown}
Books
 H - a book of Minor Magic

   Spells                             Type                      Level
   a - Magic Dart                     Conjuration                  1
   b - Blink                          Translocation                2
   c - Call Imp                       Summoning                    2
   d - Slow                           Hexes                        2
   e - Conjure Flame                  Conjuration/Fire             3
   f - Mephitic Cloud                 Conjuration/Poison/Air       3
 L - a book of the Warp

   Spells                             Type                      Level
   a - Gell's Gravitas                Translocation                3
   b - Portal Projectile              Hexes/Translocation          3
   c - Force Lance                    Conjuration/Translocation    4
   d - Dispersal                      Translocation                6
   e - Controlled Blink               Translocation                8
   f - Disjunction                    Translocation                8
Miscellaneous
 J - a fan of gales
Comestibles
 f - 25 rations


   Skills:
 + Level 10.2 Fighting
 + Level 13.8 Axes
 + Level 9.2 Armour
 + Level 6.6 Dodging
 + Level 11.4 Shields


You had 10 spell levels left.
You didn't know any spells.

Dungeon Overview and Level Annotations

Branches:
Dungeon (12/15)            Temple (1/1) D:5            Lair (0/6) D:8
    Orc (0/2) D:9

Altars:
Ashenzari
Cheibriados
Dithmenos
Elyvilon
Fedhas
Gozag
Hepliaklqana
Kikubaaqudgha
Makhleb
Nemelex Xobeh
Okawaru
Qazlal
Ru
Sif Muna
Trog
Uskayaw
Vehumet
Wu Jian
Xom
Yredelemnul
Zin
The Shining One

Shops:
D:8 !   D:9 !*   D:10 =

Portals:
Trove: D:11 (give 7 potions of haste)

Annotations:
D:11 exclusion: 2 oklob plants


Innate Abilities, Weirdness & Mutations

You reflexively headbutt those who attack you in melee.
You have a pair of horns on your head.


Message History

The ten-headed hydra bites you but does no damage.
You block the ten-headed hydra's attack.
The ten-headed hydra closely misses you. x2
The ten-headed hydra bites you.
* * * LOW HITPOINT WARNING * * *
The ten-headed hydra barely misses you. x2
The ten-headed hydra closely misses you.
The ten-headed hydra bites you.
You block the ten-headed hydra's attack.
The ten-headed hydra bites you!
* * * LOW HITPOINT WARNING * * *
The ten-headed hydra bites you!
* * * LOW HITPOINT WARNING * * *
The ten-headed hydra bites you.
* * * LOW HITPOINT WARNING * * *
The ten-headed hydra closely misses you.
The ten-headed hydra misses you. The ten-headed hydra bites you.
* * * LOW HITPOINT WARNING * * *
The ten-headed hydra bites you!
You die...

#..#.##...##.##.(
#................
#.......#[######.
#####.####)# #.
#.....####.### ##
#.######[....# #.# #.....#
#.# #.....# #@# #.....#
#D# #.....# #.# #######
#.######## #........#
###........#
#######..........#########
#.......#.................
#.#####.#........#########


You could see a ten-headed hydra.

Vanquished Creatures
  A vault guard (D:11)
  2 two-headed ogres (D:11)
  Erica (D:8)
  Pikel (D:7)
  An orc knight (Bailey)
  A manticore (D:11)
  Psyche (D:8)
  3 trolls
  Grinder (D:3)
  2 hornets
  A hippogriff (D:8)
  Sigmund (D:4)
  A wraith (D:11)
  7 yaks
  Grum (D:8)
  A basilisk (D:8)
  A hungry ghost (D:9)
  A two-headed ogre zombie (D:9)
  A water moccasin (D:7)
  Duvessa (D:4)
  4 orc warriors
  2 sky beasts
  A slave (D:7)
  4 black bears
  An ice beast (D:6)
  3 phantoms
  A necrophage (D:10)
  2 centaurs
  An eye of draining (D:9)
  8 ogres
  2 wolves (D:8)
  2 crocodiles
  3 elf zombies (Ossuary)
  2 big kobolds
  6 bullfrogs
  Blork the orc (D:5)
  A gnoll sergeant (D:10)
  Dowan (D:4)
  3 scorpions
  10 killer bees
  3 troll zombies (D:9)
  5 wights (D:11)
  3 crimson imps
  2 bullfrog zombies
  7 howler monkeys
  5 centaur zombies
  A hound (D:11)
  4 jellies
  3 orc priests
  2 bullfrog skeletons
  13 orc wizards
  Ijyb (D:4)
  5 iguanas
  5 worker ants
  A big kobold zombie (Ossuary)
  4 ogre zombies (D:9)
  3 hound zombies (Ossuary)
  3 hound skeletons
  3 mummies (Ossuary)
  Robin (D:3)
  A howler monkey zombie (D:7)
  A worker ant zombie (D:10)
  A howler monkey skeleton (D:5)
  5 gnolls
  12 adders
  4 shadow imps
  An ooze (D:1)
  3 adder zombies
  2 adder skeletons
  2 worms
  2 dart slugs
  3 leopard geckos
  27 orcs
  6 bats
  10 giant cockroaches
  24 goblins
  12 hobgoblins
  14 jackals
  21 kobolds
  A quokka (D:11)
  3 ball pythons
  A ball python zombie (D:5)
  2 frilled lizards (D:1)
  2 goblin skeletons (D:9)
  5 goblin zombies
  10 hobgoblin zombies
  2 jackal zombies (Ossuary)
  5 kobold zombies (Ossuary)
  A leopard gecko skeleton (D:7)
  A leopard gecko zombie (D:6)
  5 orc skeletons (D:9)
  11 orc zombies (D:9)
  6 quokka zombies (Ossuary)
  7 rats
  3 rat zombies (Ossuary)
378 creatures vanquished.

Vanquished Creatures (others)
  An orc (D:7)
  An orc zombie (D:9)
  A fungus (D:8)
  2 plants (D:8)
5 creatures vanquished.

Grand Total: 383 creatures vanquished

Notes
Turn   | Place    | Note
-------+----------+-------------------------------------------
     0 | D:1      | MalkierKing the Minotaur Fighter began the quest for the Orb.
     0 | D:1      | Reached XP level 1. HP: 19/19 MP: 0/0
   172 | D:1      | Reached XP level 2. HP: 27/27 MP: 1/1
   711 | D:2      | Reached XP level 3. HP: 33/33 MP: 2/2
   918 | D:2      | Found an iron altar of Okawaru.
  1368 | D:2      | Reached skill level 3 in Axes
  1514 | D:3      | Reached XP level 4. HP: 39/40 MP: 3/3
  1559 | D:3      | Found a hazy altar of Hepliaklqana.
  1562 | D:3      | Found a sparkling altar of Nemelex Xobeh.
  1562 | D:3      | Found a hide-covered altar of Uskayaw.
  1565 | D:3      | Found a shimmering altar of Xom.
  1873 | D:3      | Reached skill level 1 in Dodging
  1873 | D:3      | Reached skill level 5 in Shields
  2009 | D:3      | Noticed Grinder
  2026 | D:3      | Paralysed by Grinder for 4 turns
  2030 | D:3      | Killed Grinder
  2030 | D:3      | Reached skill level 4 in Axes
  2030 | D:3      | Reached XP level 5. HP: 7/47 MP: 4/4
  2030 | D:3      | Reached XP level 6. HP: 8/53 MP: 5/5
  2498 | D:3      | Noticed Robin
  2513 | D:3      | Killed Robin
  2719 | D:4      | Noticed Duvessa
  2719 | D:4      | Noticed Dowan
  2733 | D:3      | Reached skill level 5 in Armour
  2945 | D:3      | Reached skill level 5 in Fighting
  3373 | D:4      | Killed Duvessa
  3373 | D:4      | Reached XP level 7. HP: 46/61 MP: 6/6
  3395 | D:4      | Killed Dowan
  3455 | D:4      | Found a radiant altar of Vehumet.
  3648 | D:4      | Found a blossoming altar of Fedhas.
  3685 | D:4      | Noticed Sigmund
  3687 | D:4      | Noticed Ijyb
  3714 | D:4      | Killed Ijyb
  3728 | D:4      | Killed Sigmund
  3988 | D:5      | Entered Level 5 of the Dungeon
  4054 | D:5      | Noticed Blork the orc
  4055 | D:5      | Found a sand-covered staircase.
  4061 | D:5      | Killed Blork the orc
  4074 | Ossuary  | Entered an ossuary
  4107 | Ossuary  | Reached skill level 5 in Axes
  4107 | Ossuary  | Reached XP level 8. HP: 34/70 MP: 7/7
  4425 | Ossuary  | Reached skill level 6 in Axes
  4547 | D:5      | Found a glowing golden altar of the Shining One.
  5167 | D:5      | Found a staircase to the Ecumenical Temple.
  5172 | Temple   | Entered the Ecumenical Temple
  5245 | Temple   | Became a worshipper of Makhleb the Destroyer
  5304 | D:5      | You fall through a shaft for 2 floors!
  5311 | D:7      | Reached skill level 7 in Axes
  5565 | D:6      | Reached XP level 9. HP: 72/78 MP: 8/8
  6061 | D:6      | Found a white marble altar of Elyvilon.
  6221 | D:6      | Reached skill level 8 in Axes
  6427 | D:6      | Reached * piety under Makhleb
  6777 | D:7      | Reached skill level 9 in Axes
  6816 | D:7      | Noticed Pikel
  6833 | D:7      | Killed Pikel
  6847 | D:7      | Reached skill level 10 in Axes
  7230 | D:7      | Reached skill level 5 in Dodging
  7500 | D:8      | Found Naymakh's Distillery.
  7502 | D:8      | Noticed Grum
  7520 | D:8      | Killed Grum
  7535 | D:8      | Reached XP level 10. HP: 62/86 MP: 9/9
  7540 | D:8      | Bought a potion of degeneration for 13 gold pieces
  7574 | D:8      | Noticed Erica
  7588 | D:8      | Killed Erica
  7607 | D:8      | Found a staircase to the Lair.
  7646 | D:8      | Reached skill level 11 in Axes
  7654 | D:8      | Reached ** piety under Makhleb
  7705 | D:8      | Got a shimmering hand axe
  7706 | D:8      | Identified the +5 hand axe of Dissent {chop, rC+ MR+ Int-4} (You found it on level 8 of the Dungeon)
  7751 | D:8      | Got a crude leather armour
  7762 | D:8      | Identified the +2 leather armour of the Storm King {Regen+} (You found it on level 8 of the Dungeon)
  7816 | D:8      | Found a deep blue altar of Sif Muna.
  7910 | D:8      | Noticed Psyche
  7917 | D:8      | Killed Psyche
  7919 | D:8      | Found a sacrificial altar of Ru.
  8284 | D:9      | Found Amei's Distillery.
  8383 | D:9      | Reached skill level 12 in Axes
  8383 | D:9      | Reached skill level 10 in Shields
  8409 | D:9      | Found an opulent altar of Gozag.
  8435 | D:9      | Reached XP level 11. HP: 28/97 MP: 0/10
  8456 | D:9      | Found an ornate altar of the Wu Jian Council.
  8458 | D:9      | Found Dasirhod's General Store.
  8485 | D:9      | Reached *** piety under Makhleb
  8654 | D:9      | Found a flagged portal.
  8660 | Bailey   | Entered a bailey
  8739 | Bailey   | Noticed an orc knight
  8758 | Bailey   | Killed an orc knight
  8777 | Bailey   | Found the +3 hat of Pondering {ponderous, MR+ MP+10 Int+5}
  8777 | Bailey   | Found a bloodstained altar of Trog.
  8892 | D:9      | Found Qegrad's Jewellery Shoppe.
  8980 | D:9      | Found a staircase to the Orcish Mines.
  9039 | D:9      | Reached **** piety under Makhleb
  9095 | D:9      | Got an amethyst-studded ring mail
  9126 | D:9      | Identified the +3 ring mail of the Desert {rElec rF+ rC+ MP-9} (You found it on level 9 of the Dungeon)
  9455 | D:10     | Entered Level 10 of the Dungeon
  9806 | D:10     | Found Efufid's Jewellery Shoppe.
  9993 | D:10     | Reached skill level 13 in Axes
 10178 | D:11     | Noticed a two-headed ogre
 10186 | D:11     | Killed a two-headed ogre
 10349 | D:11     | Reached skill level 10 in Fighting
 10435 | D:11     | Noticed a two-headed ogre
 10443 | D:11     | Killed a two-headed ogre
 10511 | D:11     | Reached ***** piety under Makhleb
 10605 | D:11     | Noticed a vault guard
 10620 | D:11     | Killed a vault guard
 10634 | D:11     | Found a portal to a secret trove of treasure.
 10831 | D:11     | Found a blossoming altar of Fedhas.
 10833 | D:11     | Noticed an oklob plant
 10833 | D:11     | Noticed an oklob plant
 11073 | D:12     | Noticed a six-headed hydra
 11134 | D:10     | Slain by a ten-headed hydra

Skill      XL: |  1  2  3  4  5  6  7  8  9 10 11 |
---------------+----------------------------------+-----
Fighting       | 4 5 6 7 9 10 | 10.2
Shields        | 4 5 6 7 8 10 11 | 11.4
Armour         | 4 5 6 7 8 9 |  9.2
Axes           | 3 4 5 7 10 12 13 | 13.8
Dodging        | 2 3 4 5 6 |  6.6

Action                   |  1- 3 |  4- 6 |  7- 9 | 10-12 || total
-------------------------+-------+-------+-------+-------++-------
Melee: War axe           |    62 |       |   331 |    44 ||   437
       Headbutt          |    13 |    27 |    80 |   111 ||   231
       Flail             |    19 |   125 |     3 |       ||   147
       Hand axe          |       |       |       |   443 ||   443
Throw: Tomahawk          |       |       |       |     1 ||     1
Evoke: Wand              |       |     1 |     2 |       ||     3
  Use: Scroll            |       |     1 |     3 |     6 ||    10
       Potion            |       |       |     2 |       ||     2
  Eat: Chunk             |     2 |     5 |    14 |    12 ||    33
Armor: Scale mail        |    54 |    72 |   109 |    12 ||   247
       Leather armour    |       |       |       |    34 ||    34
       Ring mail         |       |       |       |    28 ||    28
Dodge: Dodged            |    25 |    58 |   120 |   220 ||   423
Block: Shield            |    58 |    99 |   193 |   293 ||   643
